AoeStats
← hexi

Northern Isles

510663215Analyzed
1v1 RM · 7h ago on Oct 2, 2026· 19m 0s· 2 players
Game mode
Random Map
Map size
Tiny (2 player)
Population
200
Speed
Normal
Resources
Standard
Victory
Conquest
Starting age
Dark Age
Ending age
Imperial Age
RankedLock teamsTeams togetherTeam positionsShared explorationLock speedFull tech treeHidden civsTurbo modeCheats
Victory
Defeat
🇦🇷 Aztecs · Argentina
1751
+16
🇦🇺 Jurchens · Australia
1752
-16
TGT | diego22
11:40 Loom
13:54 Feudal Age
14:55 Double-Bit Axe
16:21 Fletching
16:38 Town Watch
hexi
8:10 Loom
17:57 Feudal Age
18:35 Double-Bit Axe
Connection lost

Rejoining the realm…

Still unreachable

The connection could not be restored.

Session expired

The server has moved on; the page needs a fresh start.